Map: Romanticide LE

Players

Serral - Winner!

  • Race: Zerg Zerg
  • League: Master
  • Spawn Location: 11:00

Reynor

  • Race: Zerg Zerg
  • League: Master
  • Spawn Location: 5:00

Event: DreamHack SC2 Masters 2020 Winter

VOD

Have the link to the VOD?

Description

Time

  • Played on: Nov. 7, 2020, 12:47 p.m.
  • Length: 12:07

All games in this series

Show
View Real Time Build Order
Export as new Build Order

Serral Zerg - Winner!

Build Orders: Hatch First 

Get SALT Encoding   

  12  0:00  Drone  
  13  0:12  Overlord  
  13  0:16  Drone  
  14  0:30  Drone x2  
  16  0:48  Hatchery  
  15  0:51  Drone  
  15  0:55  Drone  
  17  0:57  Drone  
  18  1:09  Extractor  
  17  1:12  Spawning Pool  
  17  1:16  Drone  
  17  1:20  Drone  
  18  1:28  Drone  
  19  1:38  Drone  
  20  1:50  Drone  
  21  1:59  Queen x2  
  21  2:00  Zergling x2, Overlord  
  26  2:08  Metabolic Boost  
  26  2:10  Drone  
  26  2:11  Drone  
  28  2:21  Drone  
  28  2:22  Drone  
  30  2:32  Hatchery  
  30  2:35  Drone  
  30  2:41  Drone  
  30  2:43  Queen  
  33  2:51  Baneling Nest  
  33  2:53  Overlord  
  33  2:57  Drone  
  33  2:58  Drone  
  33  3:01  Zergling x2  
  33  3:04  Drone  
  36  3:11  Drone x3  
  39  3:14  Overlord  
  39  3:18  Zergling x2  
  40  3:20  Zergling x2  
  40  3:21  Zergling x2  
  40  3:23  Drone  
  43  3:27  Drone  
  44  3:34  Drone  
  44  3:37  Evolution Chamber  
  44  3:38  Drone x2  
  44  3:40  Drone x2  
  47  3:43  Drone  
  47  3:45  Drone  
  49  3:50  Lair  
  49  3:51  Drone  
  49  3:52  Drone, Extractor  
  49  3:55  Drone  
  51  3:59  Overlord  
  51  4:02  Drone x2  
  53  4:04  Zerg Missile Weapons Level 1  
  53  4:11  Roach Warren, Zergling x2  
  53  4:12  Baneling  
  53  4:15  Zergling x2  
  53  4:16  Drone  
  55  4:18  Drone  
  55  4:19  Drone  
  55  4:20  Extractor  
  55  4:22  Drone x3  
  55  4:23  Drone  
  60  4:27  Overlord  
  60  4:28  Drone  
  60  4:30  Drone  
  62  4:33  Extractor  
  62  4:34  Drone x2  
  62  4:36  Drone x2  
  64  4:39  Overlord  
  64  4:42  Overlord  
  64  4:44  Baneling, Extractor  
  63  4:47  Drone x2  
  63  4:50  Drone  
  66  4:53  Glial Reconstitution  
  66  4:55  Drone  
  66  4:58  Drone, Overlord  
  68  5:03  Roach x3  
  68  5:04  Roach  
  76  5:08  Roach x2  
  76  5:11  Roach  
  76  5:12  Roach  
  84  5:16  Roach x2  
  84  5:20  Nydus Network  
  87  5:25  Roach x2  
  87  5:27  Overlord  
  91  5:30  Overlord x2  
  91  5:34  Roach  
  91  5:35  Roach  
  95  5:37  Baneling  
  95  5:39  Roach  
  97  5:44  Overlord x3  
  97  5:47  Roach  
  99  5:54  Roach  
  99  5:55  Roach x3  
  99  5:56  Roach  
  105  5:59  Roach  
  105  6:00  Roach  
  108  6:05  Nydus Canal  
  108  6:07  Roach x2  
  108  6:10  Overlord  
  112  6:12  Zerg Missile Weapons Level 2  
  112  6:23  Spire  
  112  6:24  Extractor  
  112  6:25  Drone x5  
  115  6:30  Drone x2  
  115  6:31  Drone, Overseer  
  118  6:33  Drone x2  
  118  6:35  Roach  
  118  6:36  Roach  
  118  6:39  Overlord  
  124  6:42  Roach  
  124  6:43  Roach  
  128  6:47  Drone  
  128  6:51  Drone, Overlord  
  128  6:52  Roach x2  
  134  6:56  Roach x2  
  138  7:09  Overseer  
  138  7:10  Overlord  
  138  7:15  Drone  
  139  7:16  Roach  
  139  7:17  Roach x4  
  139  7:21  Overlord x3  
  149  7:27  Hatchery  
  148  7:36  Mutalisk  
  148  7:37  Mutalisk x6  
  168  7:50  Mutalisk  
  170  7:54  Mutalisk x2  
  168  8:02  Mutalisk  
  168  8:04  Drone x6  
  176  8:10  Extractor  
  171  8:14  Extractor  
  171  8:16  Mutalisk x2  
  174  8:26  Zerg Flyer Armor Level 1, Overlord x2  
  174  8:27  Overlord  
  174  8:30  Mutalisk  
  176  8:40  Mutalisk  
  175  8:51  Mutalisk x2  
  169  8:58  Mutalisk  
  171  9:03  Mutalisk  
  171  9:08  Overlord  
  173  9:10  Mutalisk  
  173  9:11  Mutalisk  
  173  9:14  Spore Crawler  
  176  9:17  Queen x3  
  176  9:18  Queen  
  176  9:22  Mutalisk x2, Spore Crawler  
  176  9:23  Zergling x2  
  176  9:24  Zergling x22  
  199  9:32  Hatchery  
  199  9:36  Mutalisk  
  199  9:37  Overlord  
  185  9:54  Mutalisk x6  
  185  9:58  Zergling x14  
  174  10:05  Mutalisk x2  
  170  10:09  Spore Crawler  
  170  10:11  Mutalisk  
  170  10:12  Hatchery, Zergling x2  
  170  10:13  Zergling x6  
  174  10:20  Mutalisk x2  
  178  10:22  Mutalisk  
  178  10:24  Zergling x2  
  173  10:32  Mutalisk x2  
  173  10:34  Zergling x2  
  173  10:35  Zergling x2  
  152  10:40  Mutalisk x2  
  140  10:44  Zergling x18  
  136  10:53  Mutalisk x2  
  139  10:58  Drone x4  
  139  10:59  Drone  
  144  11:05  Mutalisk x2  
  147  11:16  Mutalisk x2  
  150  11:21  Zergling x10  
  150  11:23  Zergling x2  
  155  11:28  Zergling x4  
  155  11:38  Mutalisk x3  
  160  11:40  Drone x3  
  160  11:42  Mutalisk x2  
  160  11:44  Zergling x8  
  160  11:46  Zergling x4  
  170  11:47  Baneling x2  
Show
View Real Time Build Order
Export as new Build Order

Reynor Zerg 

Build Orders: Hatch First 

Get SALT Encoding   

  12  0:00  Drone  
  13  0:12  Overlord  
  13  0:16  Drone  
  14  0:31  Drone x2  
  16  0:48  Hatchery  
  15  0:51  Drone  
  15  0:55  Drone  
  17  0:58  Drone  
  18  1:08  Extractor  
  17  1:13  Spawning Pool  
  17  1:17  Drone  
  17  1:20  Drone  
  18  1:27  Drone  
  19  1:38  Drone  
  20  1:49  Drone  
  21  1:59  Overlord  
  21  2:01  Queen x2, Zergling x2  
  26  2:09  Metabolic Boost  
  26  2:10  Drone  
  26  2:11  Drone  
  28  2:21  Drone  
  28  2:22  Drone  
  30  2:33  Hatchery  
  30  2:36  Zergling x2  
  30  2:38  Drone  
  30  2:42  Drone  
  32  2:45  Drone  
  33  2:53  Baneling Nest  
  33  2:54  Overlord  
  33  2:55  Drone  
  33  3:04  Drone  
  33  3:05  Drone  
  35  3:12  Drone  
  36  3:14  Zergling x6  
  36  3:15  Drone x2  
  41  3:20  Evolution Chamber, Zergling x2  
  41  3:25  Overlord  
  41  3:28  Queen  
  41  3:31  Zergling x2  
  43  3:44  Drone x2, Overlord  
  43  3:45  Drone x4  
  49  3:51  Zerg Ground Armor Level 1  
  50  3:55  Drone x2  
  50  3:59  Drone x2  
  50  4:02  Drone x2  
  55  4:06  Drone x2  
  57  4:10  Drone  
  57  4:14  Drone  
  57  4:16  Drone x2  
  61  4:18  Drone x2  
  61  4:22  Roach Warren  
  61  4:24  Drone, Extractor  
  63  4:26  Baneling, Extractor  
  63  4:28  Overlord  
  61  4:34  Zergling x4  
  61  4:37  Drone x3  
  64  4:40  Zergling x2  
  64  4:41  Overlord  
  65  4:46  Overlord  
  65  4:48  Overlord  
  65  4:49  Zergling x4  
  65  4:50  Zergling x6  
  70  5:06  Roach x6  
  82  5:09  Extractor, Roach x3  
  82  5:10  Extractor  
  86  5:14  Roach  
  86  5:15  Roach  
  86  5:16  Overlord  
  86  5:20  Roach x3  
  96  5:24  Overlord  
  96  5:27  Overlord  
  97  5:33  Zergling x2  
  97  5:35  Overlord  
  97  5:38  Zergling x6  
  97  5:40  Zergling x2  
  100  5:43  Lair  
  100  5:46  Zergling x2  
  100  5:49  Roach x4  
  109  5:55  Zergling x2  
  105  5:57  Zergling x6  
  105  5:59  Zerg Missile Weapons Level 1  
  105  6:01  Drone x3  
  112  6:04  Roach x2  
  112  6:05  Roach  
  112  6:09  Roach  
  116  6:13  Zergling x2  
  116  6:16  Drone  
  118  6:20  Roach  
  118  6:22  Drone  
  120  6:26  Overlord  
  120  6:31  Roach x4  
  128  6:34  Drone  
  128  6:36  Extractor  
  128  6:37  Drone, Extractor  
  128  6:40  Glial Reconstitution  
  128  6:41  Spire  
  128  6:43  Drone  
  128  6:47  Drone x4  
  129  6:48  Roach x3  
  129  6:54  Overlord  
  138  6:57  Overlord  
  137  7:02  Drone  
  137  7:03  Overlord  
  138  7:09  Overlord  
  138  7:13  Drone x3  
  138  7:14  Drone x2  
  143  7:16  Drone  
  143  7:22  Roach x4  
  152  7:30  Pneumatized Carapace, Hatchery  
  152  7:33  Overlord  
  151  7:43  Overlord  
  151  7:48  Roach  
  151  7:49  Roach x3  
  151  7:51  Overlord  
  159  7:53  Mutalisk x7  
  159  7:57  Mutalisk  
  175  7:59  Drone x3  
  175  8:04  Roach x2  
  182  8:07  Overlord  
  181  8:13  Roach x2  
  181  8:14  Roach  
  181  8:17  Roach x3  
  192  8:23  Overlord  
  192  8:25  Overlord  
  192  8:29  Mutalisk x3  
  192  8:30  Unknown  
  196  8:36  Drone x4  
  198  8:42  Overlord  
  198  8:43  Mutalisk  
  196  8:52  Mutalisk x2  
  196  8:53  Mutalisk  
  193  9:00  Mutalisk  
  194  9:02  Queen  
  194  9:03  Spore Crawler  
  194  9:04  Overlord  
  194  9:07  Mutalisk  
  197  9:11  Mutalisk  
  197  9:16  Overlord  
  199  9:21  Zerg Flyer Armor Level 1  
  199  9:25  Spore Crawler  
  199  9:29  Mutalisk x2  
  200  9:38  Unknown  
  199  9:49  Mutalisk x3  
  199  9:50  Hatchery  
  192  9:55  Mutalisk x2  
  192  9:57  Zergling x24  
  176  10:07  Mutalisk x2  
  176  10:09  Queen  
  176  10:10  Zergling x4  
  176  10:12  Zergling x2  
  185  10:16  Mutalisk x2  
  185  10:18  Zergling x6  
  190  10:23  Mutalisk  
  184  10:29  Mutalisk  
  184  10:31  Zergling x6  
  157  10:36  Mutalisk  
  157  10:41  Mutalisk  
  157  10:42  Mutalisk  
  145  10:43  Zergling x2  
  145  10:45  Queen x2  
  128  10:50  Mutalisk x2  
  128  10:52  Zergling x2  
  128  10:53  Zergling x2  
  128  10:54  Spore Crawler, Queen  
  128  10:55  Spore Crawler  
  128  10:56  Zergling x4  
  128  10:57  Zergling x14  
  129  10:59  Mutalisk  
  133  11:06  Mutalisk x2  
  133  11:09  Zergling x2  
  138  11:13  Extractor  
  138  11:15  Mutalisk x2, Extractor  
  140  11:18  Zergling x2  
  140  11:25  Spore Crawler  
  139  11:27  Mutalisk x2  
  139  11:28  Queen x3  
  139  11:30  Zergling x4  
  149  11:33  Mutalisk  
  149  11:38  Zergling x6  
  141  11:53  Drone x2  
Tags
 
Add a new tag
Caveats
  • Supply blocks, unpowered buildings, or Contaminate may cause inaccurate times.
  • Supply counts are checked every 10 seconds.